 Dungeon Crawl Stone Soup version 0.29-a0-469-gd254ca6 (webtiles) character file.

Game seed: 18008274470086671973

386 Think the Cudgeller (level 6, -2/42 HPs)
             Began as an Octopode Fighter on May 22, 2022.
             Was an Elder of Ignis.
             Killed from afar by an orc wizard (12 damage)
             ... with a magic dart
             ... on level 5 of the Dungeon.
             The game lasted 00:06:48 (4030 turns).

Think the Cudgeller (Octopode Fighter)              Turns: 4030, Time: 00:06:48

Health: -2/42      AC:  1    Str: 19    XL:     6   Next: 78%
Magic:  15/15      EV: 14    Int: 10    God:    Ignis [****..]
Gold:   24         SH:  0    Dex: 18    Spells: 5/5 levels left

rFire   + . .      SeeInvis .   d - +2 dagger "Secret Weapon" {freeze, Str+2}
rCold   . . .      Faith    .   b - +0 buckler
rNeg    . . .      Spirit   .   (helmet restricted)
rPois   .          Reflect  .   (no amulet)
rElec   .          Harm     .   n - +6 ring of dexterity
rCorr   .          Rampage  .   r - ring of magical power
Will    .....                   (no ring)
Stlth   ++........              (no ring)
HPRegen 0.14/turn               (no ring)
MPRegen 0.14/turn               (no ring)
                                (no ring)
                                (no ring)

@: confused
A: almost no armour, amphibious, 8 rings, camouflage 1, gelatinous body 1,
(nimble swimmer 1), tentacles
a: Renounce Religion, Fiery Armour, Foxfire Swarm, Rising Flame


You were on level 5 of the Dungeon.
You worshipped Ignis.
Ignis was greatly pleased with you.
You visited 1 branch of the dungeon, and saw 5 of its levels.

You collected 213 gold pieces.
You spent 189 gold pieces at shops.

Inventory:

Hand Weapons
 a - a +0 rapier
 d - the +2 dagger "Secret Weapon" (weapon) {freeze, Str+2}
   (You bought it in a shop on level 4 of the Dungeon)

   It freezes those it strikes, dealing additional cold damage.
   It can also slow down cold-blooded creatures.
   Str:       It affects your strength (+2).
Missiles
 y - a throwing net (quivered)
Armour
 b - a +0 buckler (worn)
Jewellery
 n - a +6 ring of dexterity (left tentacle)
 r - a ring of magical power (right tentacle)
Wands
 x - a wand of charming (7)
Scrolls
 e - 9 scrolls of identify {unknown}
 f - a scroll of enchant armour {unknown}
 i - a scroll of immolation {unknown}
 k - a scroll of silence {unknown}
 l - 3 scrolls of teleportation {unknown}
 q - a scroll of fog {unknown}
 t - 4 scrolls of fear {unknown}
 w - 2 scrolls of magic mapping {unknown}
 z - 2 scrolls of blinking {unknown}
 A - a scroll of vulnerability {unknown}
Potions
 c - 2 potions of might
 g - a potion of invisibility {unknown}
 h - a potion of lignification {unknown}
 j - a potion of attraction {unknown}
 m - 2 potions of degeneration {unknown}
 o - a potion of magic {unknown}
 p - 2 potions of haste {unknown}
 s - a potion of mutation {unknown}
 u - a potion of flight {unknown}
 v - a potion of curing {unknown}
 B - a potion of berserk rage {unknown}


   Skills:
 - Level 3.1 Fighting
 * Level 3.4 Short Blades
 - Level 5.7 Maces & Flails
 - Level 3.1 Dodging
 - Level 3.1 Shields


You had 5 spell levels left.
You didn't know any spells.
Your spell library was empty.

Dungeon Overview and Level Annotations

Branches:
Dungeon (5/15)
 Temple: D:4-7

Altars:
Ignis

Shops:
D:1 (   D:4 **

Annotations:
D:4 2 transporters, SuisLittleHoshiymin's ghost, amateur HuTm


Innate Abilities, Weirdness & Mutations

You cannot wear most types of armour.
You are amphibious.
You can wear up to eight rings at the same time.
Your skin changes colour to match your surroundings (Stealth+).
Your rubbery body absorbs attacks. (AC +1, EV +1)
((You are camouflaged when in or above water. (Stealth+)))
You have tentacles for arms and can constrict up to eight enemies at once.


Message History

The ufetubus hits you. x2
You barely miss the ufetubus. You grab the ufetubus.
You constrict the ufetubus. The ufetubus closely misses you. x2
The orc barely misses you.
You hit the ufetubus. You squeeze the ufetubus.
You kill the ufetubus!
The orc hits you with a +0 dagger.
You hit the orc. You freeze the orc. You grab the orc. You squeeze the orc.
The orc is almost dead.
You constrict the orc.
You kill the orc!
No target in view!
No target in view!
No target in view!
A magic dart appears from out of thin air!
The magic dart hits you!
You hear some strange, mumbled words.
A puff of flame appears from out of thin air!
The puff of flame hits you. You resist. Something hits you but does no damage.
Items here: ))) [[ †.
You hit something. You freeze something.
You hear some strange, mumbled words.
Something tries to affect you, but you resist.
You closely miss something. Your squeeze misses something. Something hits you.
You barely miss something.
You hear some strange, mumbled words.
You are confused.
You bump into the rock wall.
You hear some strange, mumbled words.
You are more confused.
You bump into the rock wall.
Something hits you.
You completely miss something. Your squeeze misses something.
Something hits you.
* * * LOW HITPOINT WARNING * * *
You barely miss something.
You hear some strange, mumbled words.
A magic dart appears from out of thin air!
The magic dart hits you!
You die...

.......
.....$>
....$..
......###
#......#####
####.........
..........#
#{@# #..#.###
## #...#
#..##<# ##.
#.# ## #.#
#.. .#. . .#


There were no monsters in sight!

Vanquished Creatures
  A necrophage (D:4)
  A scorpion (D:4)
  2 hounds (D:4)
  A jelly (D:4)
  An orc wizard (D:5)
  5 adders
  A gnoll (D:4)
  An ufetubus (D:5)
  3 orcs
  14 endoplasms
  3 giant cockroaches (D:1)
  12 hobgoblins
  3 jackals (D:1)
  5 kobolds
  5 quokkas
  7 ball pythons
  5 bats
  6 frilled lizards
  3 goblins
  5 rats
84 creatures vanquished.

Vanquished Creatures (others)
  6 foxfires (D:4)
  A plant (D:1)
  2 withered plants (D:1)
9 creatures vanquished.

Grand Total: 93 creatures vanquished

Notes
Turn   | Place    | Note
-------+----------+-------------------------------------------
     0 | D:1      | Think the Octopode Fighter began the quest for the Orb.
     0 | D:1      | Reached XP level 1. HP: 16/16 MP: 1/1
    77 | D:1      | Found Otyow's Weapon Emporium.
   261 | D:1      | Reached XP level 2. HP: 19/21 MP: 2/2
   339 | D:1      | Found a faded altar of an unknown god.
   357 | D:1      | Reached skill level 1 in Maces & Flails
   397 | D:1      | Prayed at the altar of an unknown god.
   397 | D:1      | Became a worshipper of Ignis, the Dying Flame
   757 | D:1      | Reached XP level 3. HP: 26/26 MP: 3/3
   759 | D:1      | Reached skill level 2 in Maces & Flails
  1981 | D:2      | Reached skill level 3 in Maces & Flails
  2117 | D:2      | Reached XP level 4. HP: 31/31 MP: 4/4
  2911 | D:4      | Reached skill level 4 in Maces & Flails
  2911 | D:4      | Reached XP level 5. HP: 4/36 MP: 5/5
  3237 | D:4      | Reached skill level 5 in Maces & Flails
  3595 | D:4      | Reached XP level 6. HP: 37/42 MP: 6/6
  3647 | D:4      | Found a transporter.
  3647 | D:4      | Noticed SuisLittleHoshiymin's ghost (amateur HuTm)
  3697 | D:4      | Found Osegec's Assorted Antiques.
  3763 | D:4      | Bought a bloodstained dagger for 189 gold pieces
  3763 | D:4      | Identified the +2 dagger "Secret Weapon" {freeze, Str+2}
                  | (You bought it in a shop on level 4 of the Dungeon)
  3785 | D:4      | Found a transporter.
  3881 | D:4      | Found Kishreob's General Store.
  4010 | D:5      | Entered Level 5 of the Dungeon
  4030 | D:5      | Killed from afar by an orc wizard

Illustrated notes

Levels and vault maps discovered:
D:1:      beargit_arrival_diablo_church, layout_loops_ring, serial_shops, shop,
          shapermc_ecumenical_altar_flowoftime
D:2:      layout_basic
D:3:      layout_loops_ring
D:4:      layout_rooms, gammafunk_ghost_arena, serial_shops,
          nicolae_shop_waterfront, nicolae_shop_trees, cheibrodos_gnoll_hut
D:5:      layout_rooms, cheibrodos_sewer_entry_drain,
          hangedman_abyss_or_decor_passed, uniq_prince_ribbit1

Skill      XL: |  1  2  3  4  5  6 |
---------------+-------------------+-----
Maces & Flails | 1 3 4 5 |  5.7
Short Blades   | 3 |  3.4
Fighting       | |  3.1
Dodging        | |  3.1
Shields        | |  3.1

Action                   |  1- 3 |  4- 6 || total
-------------------------+-------+-------++-------
Melee: Rapier            |     8 |       ||     8
       Constrict         |    31 |    22 ||    53
       Club              |   100 |    66 ||   166
       Tentacles         |    19 |    25 ||    44
       Punch             |       |     2 ||     2
       Dagger            |       |    20 ||    20
Invok: Fiery Armour      |       |     2 ||     2
       Foxfire Swarm     |       |     1 ||     1
 Stab: Sleeping          |     9 |     6 ||    15
Armor: Skin              |     3 |     8 ||    11
Dodge: Dodged            |    50 |    79 ||   129
Block: Buckler           |    15 |    23 ||    38

Table legend: (Time is in decaauts)
 A = Elapsed time spent in this place.
 B = Non-inter-level travel time spent in this place.
 C = Inter-level travel time spent in this place.
 D = Time resting spent in this place.
 E = Time spent auto-exploring this place.
 F = Levels seen in this place.
 G = Mean time per level.
                   A        B        C        D        E       F      G
               +--------+--------+--------+--------+--------+-----+--------+
         Total |   4057 |   3937 |    120 |    526 |   2829 |   5 |  811.4 |
       Dungeon |   4057 |   3937 |    120 |    526 |   2829 |   5 |  811.4 |
               +--------+--------+--------+--------+--------+-----+--------+

Top non-repeatable levels by time:
     D:1: 1592 daAuts
     D:4: 1116 daAuts
     D:2: 683 daAuts
     D:3: 647 daAuts
     D:5: 18 daAuts
